 Dungeon Crawl Stone Soup version 0.22.1-1-ga44c0e5 (webtiles) character file.

221 DiademB the Skirmisher (level 5, -4/47 HPs)
             Began as a Hill Orc Fighter on Nov 10, 2018.
             Slain by Natasha (5 damage)
             ... on level 3 of the Dungeon.
             The game lasted 00:18:50 (3022 turns).

DiademB the Skirmisher (Hill Orc Fighter)           Turns: 3022, Time: 00:18:50

Health: -4/47      AC:  7    Str: 20    XL:     5   Next: 98%
Magic:  5/5        EV:  9    Int:  8    God:
Gold:   136        SH: 13    Dex: 10    Spells: 4/4 levels left

rFire    . . .     SeeInvis .   a - +0 war axe
rCold    . . .     Gourm    .   c - +0 shield
rNeg     . . .     Faith    .   p - +2 ring mail {MR+}
rPois    .         Spirit   .   (no helmet)
rElec    .         Reflect  +   (no cloak)
rCorr    .         Harm     .   (no gloves)
MR       +....                  (no boots)
Stlth    ..........             g - +4 amulet of reflection
HPRegen  0.15/turn              (no ring)
MPRegen  0.09/turn              (no ring)

@: no status effects
A: no striking features
a: no special abilities


You were on level 3 of the Dungeon.
You were not hungry.

You visited 1 branch of the dungeon, and saw 3 of its levels.

You collected 136 gold pieces.

Inventory:

Hand Weapons
 a - a +0 war axe (weapon)
 n - a +1 short sword of holy wrath
 r - a +2 club
 u - a +0 blowgun
 v - a +0 short sword
Missiles
 e - 108 stones (quivered)
 m - 22 bolts
 w - 9 curare-tipped needles
Armour
 b - a +0 scale mail
 c - a +0 shield (worn)
 p - a +2 ring mail of magic resistance (worn)
 s - a +2 leather armour of positive energy
Jewellery
 g - a +4 amulet of reflection (around neck)
Wands
 q - a wand of iceblast (10)
Scrolls
 f - 3 scrolls of fear {unknown}
 h - 2 scrolls of identify {unknown}
 j - a scroll of enchant weapon {unknown}
 k - a scroll of remove curse {unknown}
 l - 2 scrolls of teleportation {unknown}
 o - a scroll of magic mapping {unknown}
Potions
 d - 3 potions of might
 i - 2 potions of agility
 t - a potion of cancellation {unknown}


   Skills:
 + Level 4.7 Fighting
 + Level 4.5 Axes
 + Level 4.1 Armour
 + Level 1.3 Dodging
 + Level 4.4 Shields


You had 4 spell levels left.
You didn't know any spells.
Your spell library was empty.

Dungeon Overview and Level Annotations

Branches:
Dungeon (3/15)

Altars:
Sif Muna
Wu Jian

Annotations:
D:3 Natasha


Message History

You closely miss something. You block something's attack.
You closely miss something.
You hear some strange, mumbled words.
A magic dart appears from out of thin air!
The magic dart hits you!
Your shield and ring mail prevent you from hitting something.
You hear some strange, mumbled words.
Something claws you.
You barely miss something. Something claws you.
* * * LOW HITPOINT WARNING * * *
You miss something. Something claws you.
* * * LOW HITPOINT WARNING * * *
The crimson imp blinks!
Something claws you.
* * * LOW HITPOINT WARNING * * *
You closely miss something.
You hear some strange, mumbled words.
You hear a shout!
You closely miss something. Something claws you.
* * * LOW HITPOINT WARNING * * *
You closely miss something. Something claws you.
You die...

#...#
##.......##
##.## ##.....##
#.# ##...## #.#
##'##
#.########.###
.............#
..#####.#.#####
##........##
#......{@?.#
.......55###.#
###.#....# ..
#.##...# ##
........ #
###.### #. ##


You could see 2 crimson imps.

Vanquished Creatures
  Natasha (D:3)
  Ijyb (D:3)
  10 adders
  An ooze (D:2)
  3 dart slugs
  3 leopard geckos
  An orc (D:3)
  A giant cockroach (D:2)
  7 goblins
  10 hobgoblins
  2 ball pythons (D:1)
  9 bats
  7 frilled lizards
  2 kobolds (D:2)
  5 rats
63 creatures vanquished.

Vanquished Creatures (others)
  Natasha (D:3)
  A kobold (D:3)
2 creatures vanquished.

Grand Total: 65 creatures vanquished

Notes
Turn   | Place    | Note
-------+----------+-------------------------------------------
     0 | D:1      | DiademB the Hill Orc Fighter began the quest for the Orb.
     0 | D:1      | Reached XP level 1. HP: 19/19 MP: 1/1
   223 | D:1      | Reached XP level 2. HP: 24/27 MP: 2/2
   770 | D:1      | Reached XP level 3. HP: 33/33 MP: 3/3
  1110 | D:2      | Reached XP level 4. HP: 36/40 MP: 4/4
  1657 | D:3      | Found an ornate altar of the Wu Jian Council.
  1659 | D:3      | Noticed Ijyb
  1705 | D:3      | Killed Ijyb
  1705 | D:3      | Reached XP level 5. HP: 29/47 MP: 5/5
  1884 | D:3      | Noticed Natasha
  1911 | D:3      | Killed Natasha
  2497 | D:3      | Found a deep blue altar of Sif Muna.
  2560 | D:3      | Noticed Natasha
  2601 | D:3      | Killed Natasha
  2601 | D:3      | Reached skill level 1 in Dodging
  2991 | D:3      | Noticed Natasha
  3021 | D:3      | HP: 1/47 [something (3)]
  3022 | D:3      | Slain by Natasha

Skill      XL: |  1  2  3  4  5 |
---------------+----------------+-----
Axes           | 3 4 |  4.5
Fighting       | 4 |  4.7
Armour         | 4 |  4.1
Shields        | 4 |  4.4
Dodging        | 1 |  1.3

Action                   |  1- 3 |  4- 6 || total
-------------------------+-------+-------++-------
Melee: War axe           |    73 |   159 ||   232
Throw: Stone             |    18 |    23 ||    41
  Use: Potion            |       |     4 ||     4
  Eat: Ration            |     1 |     1 ||     2
Armor: Scale mail        |    28 |    32 ||    60
       Ring mail         |       |    34 ||    34
Dodge: Dodged            |    22 |    54 ||    76
Block: Shield            |    33 |   109 ||   142
       Reflection        |       |     2 ||     2
